 Dungeon Crawl Stone Soup version 0.18.1-48-g4cf74bf (webtiles) character file.

487 striepan the Cleaver (level 6, -6/56 HPs)
             Began as a Minotaur Fighter on Aug 11, 2016.
             Mangled by ThereIsNoGod's ghost (14 damage)
             ... on level 4 of the Dungeon.
             The game lasted 00:12:57 (3246 turns).

striepan the Cleaver (Minotaur Fighter)             Turns: 3246, Time: 00:12:57

Health: -6/56      AC:  9    Str: 22    XL:     6   Next: 89%
Magic:  5/5        EV:  2    Int:  7    God:
Gold:   166        SH:  9    Dex: 13    Spells: 0 memorised, 5 levels left

rFire  . . .     SeeInvis .     a - +0 war axe
rCold  . . .     Gourm    .     b - +0 scale mail
rNeg   . . .     Faith    .     c - +0 shield
rPois  .         Spirit   .     (helmet restricted)
rElec  .         Dismiss  .     p - +0 cloak
rCorr  .         Reflect  .     q - +0 pair of gloves
SustAt .         Harm     .     (no boots)
MR     .....                    (no amulet)
Stlth  ..........               w - +3 ring of dexterity
                                l - +2 ring of intelligence

@: flying, not resistant to hostile enchantments, extremely unstealthy
A: retaliatory headbutt, horns 2
a: no special abilities


You were on level 4 of the Dungeon.
You were not hungry.

You visited 1 branch of the dungeon, and saw 4 of its levels.

You collected 166 gold pieces.

Inventory:

Hand Weapons
 a - a +0 war axe (weapon)
Armour
 b - a +0 scale mail (worn)
 c - a +0 shield (worn)
 p - a +0 cloak (worn)
 q - a +0 pair of gloves (worn)
Jewellery
 l - a +2 ring of intelligence (left hand)
 w - a +3 ring of dexterity (right hand)
Scrolls
 i - 2 scrolls of immolation {unknown}
 j - 3 scrolls of remove curse {unknown}
 k - 2 scrolls of identify {unknown}
 n - 2 scrolls of recharging {unknown}
 s - a scroll of amnesia {unknown}
 v - a scroll of noise {unknown}
Potions
 d - 3 potions of might
 e - a potion of resistance {unknown}
 g - a potion of curing
 h - a potion of flight
 m - 2 potions of heal wounds {unknown}
 o - a potion of ambrosia {unknown}
 u - a potion of degeneration {unknown}
Comestibles
 f - 4 bread rations
 r - 5 meat rations
 t - 4 fruits


   Skills:
 + Level 5.4 Fighting
 - Level 8.0 Axes
 - Level 3.6 Armour
 - Level 3.6 Shields


You had 5 spell levels left.
You didn't know any spells.

Dungeon Overview and Level Annotations

Branches:
Dungeon (4/15)
 Temple: D:4-7

Altars:
Fedhas
Gozag
Nemelex Xobeh
Sif Muna
Trog
Xom

Annotations:
D:4 ThereIsNoGod's ghost, amateur MiGl


Innate Abilities, Weirdness & Mutations

You reflexively headbutt those who attack you in melee.
You have a pair of horns on your head.


Message History

You fly up into the air.
The orc hits you with a flail.
* * * LOW HITPOINT WARNING * * *
The orc wizard points at you and mumbles some strange words.
The magic dart hits you! The orc hits you but does no damage.
The orc wizard hits you but does no damage.
ThereIsNoGod's ghost hits you.
* * * LOW HITPOINT WARNING * * *
The orc wizard gestures wildly while chanting.
The orc wizard blinks!
There is an open door here.
You block ThereIsNoGod's ghost's attack.
The orc wizard mumbles some strange words.
The orc wizard blinks!
You block ThereIsNoGod's ghost's attack.
You feel yourself speed up.
The orc priest casts a cantrip, but nothing happens.
Found a scroll labeled JEN ENADEUPUE.
There is a stone staircase leading up here.
ThereIsNoGod's ghost hits you!
You die...

#.........##.....#####
+.........o..........†
#.........##.#...#####
#......o###.##.##
###.....####.#####
#....o.#.........##
#.###o.#.###......# #.
#W.#.#######..#
#.###@.#..........#
.?.......##########.#
###.#....#### #.#
#.......#######.#
#.#....##.........#
#......############
#####.## #.# #.#


You could see an orc priest, an orc wizard, ThereIsNoGod's ghost and an orc.

Vanquished Creatures
  A scorpion (D:4)
  A hound (D:4)
  4 orc priests
  Crazy Yiuf (D:2)
  3 orc wizards
  Natasha (D:3)
  A worker ant (D:4)
  2 adders
  3 oozes
  4 worms
  5 dart slugs
  3 giant geckos
  11 orcs
  6 bats
  A giant cockroach (D:2)
  6 goblins
  4 hobgoblins
  3 jackals (D:3)
  7 kobolds
  4 quokkas
  2 ball pythons
  3 giant newts (D:1)
  7 rats
83 creatures vanquished.

Notes
Turn   | Place    | Note
--------------------------------------------------------------
     0 | D:1      | striepan the Minotaur Fighter began the quest for the Orb.
     0 | D:1      | Reached XP level 1. HP: 19/19 MP: 0/0
    84 | D:1      | Reached skill level 3 in Axes
    91 | D:1      | Reached XP level 2. HP: 15/26 MP: 1/1
   388 | D:1      | Reached skill level 4 in Axes
   514 | D:1      | Reached XP level 3. HP: 31/31 MP: 2/2
   733 | D:2      | Found a sparkling altar of Nemelex Xobeh.
   733 | D:2      | Found an opulent altar of Gozag.
   915 | D:2      | Noticed Crazy Yiuf
   922 | D:2      | Killed Crazy Yiuf
   922 | D:2      | Reached skill level 5 in Axes
  1332 | D:2      | Reached XP level 4. HP: 39/39 MP: 3/3
  2210 | D:3      | Noticed Natasha
  2224 | D:3      | Killed Natasha
  2224 | D:3      | Reached skill level 6 in Axes
  2224 | D:3      | Reached XP level 5. HP: 10/46 MP: 4/4
  2672 | D:3      | Reached skill level 7 in Axes
  2918 | D:3      | Found a deep blue altar of Sif Muna.
  2918 | D:3      | Found a blossoming altar of Fedhas.
  2919 | D:3      | Found a shimmering altar of Xom.
  2929 | D:3      | Found a bloodstained altar of Trog.
  2976 | D:4      | Reached XP level 6. HP: 45/53 MP: 5/5
  3076 | D:4      | Reached skill level 5 in Fighting
  3150 | D:4      | Reached skill level 8 in Axes
  3208 | D:4      | Noticed ThereIsNoGod's ghost (amateur MiGl)
  3246 | D:4      | Mangled by ThereIsNoGod's ghost

Skill      XL: |  1  2  3  4  5  6 |
---------------+-------------------+-----
Axes           | 3 4 5 6 7 8 |  8.0
Fighting       | 4 5 |  5.4
Armour         | |  3.6
Shields        | |  3.6

Action                   |  1- 3 |  4- 6 || total
-------------------------+-------+-------++-------
Melee: War axe           |    84 |   147 ||   231
       Headbutt          |    10 |    35 ||    45
  Use: Potion            |       |     3 ||     3
  Eat: Chunk             |     1 |     5 ||     6
       Pizza             |       |     1 ||     1
Armor: Scale mail        |    44 |    52 ||    96
Dodge: Dodged            |    22 |    32 ||    54
Block: Shield            |    52 |    56 ||   108
